General information
- name: BNet
- type: Ladder team game (AT/RT)
- host: Battle.net
- saver: MarcusBrutus
map: DragonFalls
- players: 8
- length: 29:02
- speed: Fast
- version: 1.26 W3XP
- replay type: Public
» download(182 KB)
Players
team 1 (winner)

»
Desoangel (
green | 103 APM | 2983 actions | 29:02)
5 Archmage
3 Summon Water Elemental
2 Brilliance Aura
4 Mountain King
2 Storm Bolt
2 Thunder Clap
» actions
| Assign group hotkey | 220 | |
| Basic commands | 632 | |
| Build / train | 72 | |
| ESC pressed | 6 | |
| Enter build submenu | 21 | |
| Enter hero's abilities submenu | 9 | |
| Right click | 681 | |
| Select / deselect | 432 | |
| Select group hotkey | 841 | |
| Use ability | 69 | |
2983 total
» units
| Peasant | 17 | |
| Footman | 8 | |
| Rifleman | 21 | |
| Sorceress | 1 | |
| Priest | 3 | |
| Flying Machine | 3 | |
53 total
» upgrades
| Defend | 1 | |
| Long Rifles | 1 | |
| Gunpowder | 2 | |
| Armor | 2 | |
6 total
» buildings
| Barracks | 2 | |
| Farm | 10 | |
| Altar of Kings | 1 | |
| Arcane Vault | 1 | |
| Blacksmith | 1 | |
| Keep | 1 | |
| Town Hall | 1 | |
| Arcane Sanctum | 1 | |
| Castle | 1 | |
| Workshop | 2 | |
21 total
» build order
00:08 Barracks
00:12 Farm
00:51 Altar of Kings
01:06 Farm
01:56 Farm
02:18 Farm
02:32 Arcane Vault
03:15 Blacksmith
04:19 Farm
04:51 Keep
04:53 Farm
06:05 Barracks
07:22 Farm
08:23 Town Hall
10:42 Arcane Sanctum
11:35 Castle
21:42 Workshop
21:43 Workshop
23:11 Farm
23:15 Farm
23:40 Farm
EtTuBrute (
orange | 64 APM | 1839 actions | 28:42)
5 Blood Mage
3 Flame Strike
2 Siphon Mana
» actions
| Assign group hotkey | 149 | |
| Basic commands | 199 | |
| Build / train | 82 | |
| Enter build submenu | 54 | |
| Enter hero's abilities submenu | 5 | |
| Give item / drop item | 3 | |
| Remove unit from queue | 9 | |
| Right click | 664 | |
| Select / deselect | 403 | |
| Select group hotkey | 162 | |
| Use ability | 109 | |
1839 total
» units
| Peasant | 13 | |
| Footman | 4 | |
| Goblin Shredder | 2 | |
| Goblin Zeppelin | 1 | |
| Sorceress | 3 | |
| Gryphon Rider | 5 | |
| Green Dragon | 1 | |
29 total
» upgrades
| Lumber Harvesting | 1 | |
| Sorceress Training | 1 | |
| Magic Sentry | 1 | |
| Masonry | 1 | |
| Storm Hammers | 1 | |
| Animal War Training | 1 | |
| Swords | 2 | |
| Armor | 2 | |
10 total
» buildings
| Altar of Kings | 1 | |
| Barracks | 1 | |
| Farm | 8 | |
| Scout Tower | 23 | |
| Arcane Tower | 1 | |
| Arcane Vault | 1 | |
| Town Hall | 2 | |
| Keep | 1 | |
| Lumber Mill | 1 | |
| Guard Tower | 5 | |
| Arcane Sanctum | 1 | |
| Castle | 1 | |
| Blacksmith | 2 | |
| Gryphon Aviary | 9 | |
57 total
» build order
00:43 Altar of Kings
00:45 Barracks
01:00 Farm
01:05 Farm
01:06 Farm
01:28 Scout Tower
02:08 Arcane Tower
02:49 Arcane Vault
04:35 Town Hall
04:41 Keep
04:46 Scout Tower
04:48 Scout Tower
04:50 Scout Tower
04:53 Scout Tower
05:03 Lumber Mill
05:06 Scout Tower
05:06 Scout Tower
05:07 Scout Tower
05:08 Scout Tower
05:12 Scout Tower
05:12 Scout Tower
06:14 Guard Tower
06:38 Guard Tower
07:07 Guard Tower
07:26 Arcane Sanctum
11:05 Scout Tower
11:05 Scout Tower
11:06 Scout Tower
11:06 Scout Tower
11:09 Town Hall
11:18 Castle
11:23 Blacksmith
11:24 Blacksmith
11:48 Scout Tower
11:49 Scout Tower
11:53 Scout Tower
11:54 Scout Tower
11:54 Scout Tower
12:01 Scout Tower
12:03 Scout Tower
12:04 Scout Tower
12:13 Guard Tower
12:14 Guard Tower
12:38 Guard Tower
13:18 Guard Tower
13:51 Gryphon Aviary
13:52 Gryphon Aviary
13:54 Gryphon Aviary
13:55 Gryphon Aviary
13:58 Gryphon Aviary
13:58 Gryphon Aviary
14:09 Gryphon Aviary
14:23 Gryphon Aviary
14:29 Gryphon Aviary
16:29 Farm
16:31 Farm
16:50 Farm
17:24 Farm
18:59 Farm
» items
| Boots of Speed | 1 | |
| Scroll of Regeneration | 4 | |
| Staff of Teleportation | 1 | |
| Potion of Invisibility | 1 | |
| Potion of Mana | 2 | |
| Lesser Clarity Potion | 1 | |
| Potion of Healing | 4 | |
| Scroll of Town Portal | 5 | |
19 total
Psycho[AD] (
purple | 38 APM | 1104 actions | 29:02)
7 Paladin
2 Holy Light
1 Divine Shield
3 Devotion Aura
1 Resurrection
» actions
| Assign group hotkey | 3 | |
| Basic commands | 2 | |
| Build / train | 85 | |
| Enter build submenu | 23 | |
| Enter hero's abilities submenu | 7 | |
| Remove unit from queue | 11 | |
| Right click | 635 | |
| Select / deselect | 257 | |
| Select group hotkey | 9 | |
| Use ability | 72 | |
1104 total
» units
| Peasant | 8 | |
| Footman | 17 | |
| Knight | 6 | |
| Mortar Team | 7 | |
| Flying Machine | 5 | |
43 total
» upgrades
| Swords | 3 | |
| Plating | 3 | |
| Lumber Harvesting | 2 | |
| Masonry | 2 | |
| Animal War Training | 1 | |
| Flare | 1 | |
| Fragmentation Shards | 1 | |
| Flying Machine Bombs | 1 | |
| Flak Cannons | 1 | |
| Gunpowder | 2 | |
17 total
» buildings
| Altar of Kings | 1 | |
| Barracks | 1 | |
| Farm | 12 | |
| Blacksmith | 1 | |
| Lumber Mill | 1 | |
| Scout Tower | 3 | |
| Keep | 1 | |
| Guard Tower | 2 | |
| Arcane Tower | 1 | |
| Castle | 1 | |
| Workshop | 2 | |
26 total
» build order
00:34 Altar of Kings
00:55 Barracks
01:09 Farm
01:37 Farm
01:47 Farm
02:21 Farm
02:36 Blacksmith
02:44 Lumber Mill
03:02 Farm
04:03 Farm
04:40 Scout Tower
07:12 Keep
07:19 Guard Tower
07:21 Farm
07:23 Scout Tower
08:08 Arcane Tower
08:10 Scout Tower
09:40 Guard Tower
09:47 Farm
09:50 Castle
11:11 Farm
12:26 Farm
14:00 Farm
15:52 Farm
17:20 Workshop
17:22 Workshop
» items
ThugMaSteR (
blue | 56 APM | 1629 actions | 29:02)
5 Death Knight
2 Death Coil
3 Unholy Aura
2 Crypt Lord
1 Impale
1 Spiked Carapace
2 Lich
1 Frost Nova
1 Frost Armor
» actions
| Assign group hotkey | 43 | |
| Basic commands | 51 | |
| Build / train | 89 | |
| Enter build submenu | 23 | |
| Enter hero's abilities submenu | 10 | |
| Give item / drop item | 5 | |
| Right click | 799 | |
| Select / deselect | 347 | |
| Select group hotkey | 198 | |
| Use ability | 64 | |
1629 total
» units
| Acolyte | 28 | |
| Ghoul | 6 | |
| Crypt Fiend | 6 | |
| Obsidian Statue | 2 | |
| Frost Wyrm | 9 | |
51 total
» upgrades
| Creature Attack | 3 | |
| Creature Carapace | 3 | |
| Web | 1 | |
| Freezing Breath | 1 | |
8 total
» buildings
| Altar of Darkness | 1 | |
| Ziggurat | 9 | |
| Crypt | 2 | |
| Nerubian Tower | 2 | |
| Graveyard | 1 | |
| Tomb of Relics | 1 | |
| Spirit Tower | 6 | |
| Halls of the Dead | 1 | |
| Sacrificial Pit | 1 | |
| Slaughterhouse | 1 | |
| Black Citadel | 1 | |
| Boneyard | 2 | |
28 total
» build order
00:12 Altar of Darkness
00:14 Ziggurat
01:03 Crypt
01:06 Crypt
01:16 Nerubian Tower
01:44 Ziggurat
02:10 Graveyard
02:28 Tomb of Relics
03:31 Ziggurat
05:11 Ziggurat
05:13 Ziggurat
05:31 Ziggurat
06:13 Spirit Tower
06:14 Spirit Tower
06:17 Ziggurat
06:23 Spirit Tower
06:34 Halls of the Dead
06:56 Spirit Tower
07:12 Nerubian Tower
07:22 Ziggurat
07:27 Ziggurat
07:30 Spirit Tower
09:39 Sacrificial Pit
09:54 Slaughterhouse
10:39 Black Citadel
11:16 Spirit Tower
13:24 Boneyard
13:27 Boneyard
» items
| Sacrificial Skull | 2 | |
| Rod of Necromancy | 1 | |
| Scroll of Regeneration | 1 | |
| Orb of Corruption | 2 | |
| Potion of Lesser Invulnerability | 1 | |
7 total
team 2 (loser)

»
Frozenskeleton (
teal | 26 APM | 354 actions | 13:36)
2 Blademaster
1 Critical Strike
1 Wind Walk
» actions
| Basic commands | 13 | |
| Build / train | 53 | |
| Enter build submenu | 8 | |
| Enter hero's abilities submenu | 2 | |
| Right click | 146 | |
| Select / deselect | 111 | |
| Use ability | 21 | |
354 total
» units
» upgrades
| Pillage | 1 | |
| Melee Weapons | 1 | |
| Armor | 2 | |
| Ranged Weapons | 2 | |
| Spiked Barricades | 2 | |
| Backpack | 1 | |
9 total
» buildings
| Altar of Storms | 1 | |
| Orc Burrow | 3 | |
| Barracks | 1 | |
| War Mill | 1 | |
| Voodoo Lounge | 1 | |
| Stronghold | 1 | |
| Great Hall | 1 | |
| Fortress | 1 | |
10 total
» build order
00:23 Altar of Storms
00:31 Orc Burrow
01:35 Orc Burrow
03:12 Barracks
03:19 War Mill
03:29 Orc Burrow
03:50 Voodoo Lounge
08:22 Stronghold
09:54 Great Hall
11:31 Fortress
» items
| Healing Salve | 2 | |
| Lesser Clarity Potion | 1 | |
| Scroll of Town Portal | 1 | |
4 total

»
KindOf.Amazing (
pink | 14 APM | 329 actions | 23:14)
2 Death Knight
1 Death Coil
1 Unholy Aura
» actions
| Build / train | 48 | |
| Enter build submenu | 17 | |
| Enter hero's abilities submenu | 2 | |
| Right click | 106 | |
| Select / deselect | 131 | |
| Use ability | 25 | |
329 total
» units
| Acolyte | 12 | |
| Ghoul | 16 | |
| Frost Wyrm | 8 | |
36 total
» buildings
| Crypt | 1 | |
| Graveyard | 2 | |
| Altar of Darkness | 1 | |
| Ziggurat | 7 | |
| Halls of the Dead | 1 | |
| Black Citadel | 1 | |
| Sacrificial Pit | 1 | |
| Spirit Tower | 7 | |
| Boneyard | 3 | |
24 total
» build order
00:47 Crypt
00:53 Graveyard
00:59 Altar of Darkness
01:05 Ziggurat
01:35 Ziggurat
02:28 Ziggurat
04:12 Halls of the Dead
07:31 Black Citadel
08:20 Ziggurat
08:32 Sacrificial Pit
08:42 Ziggurat
08:59 Ziggurat
09:02 Spirit Tower
09:06 Spirit Tower
09:24 Spirit Tower
09:44 Ziggurat
10:02 Spirit Tower
10:04 Spirit Tower
10:08 Boneyard
10:12 Boneyard
10:43 Boneyard
11:06 Spirit Tower
11:13 Spirit Tower
12:23 Graveyard
MarcusBrutus (
yellow | 78 APM | 2264 actions | 29:02)
6 Blood Mage
3 Flame Strike
2 Siphon Mana
1 Summon Phoenix
» actions
| Assign group hotkey | 23 | |
| Basic commands | 38 | |
| Build / train | 124 | |
| ESC pressed | 3 | |
| Enter build submenu | 57 | |
| Enter hero's abilities submenu | 6 | |
| Give item / drop item | 3 | |
| Right click | 1178 | |
| Select / deselect | 364 | |
| Select group hotkey | 330 | |
| Use ability | 138 | |
2264 total
» units
| Peasant | 22 | |
| Footman | 10 | |
| Sorceress | 1 | |
| Gryphon Rider | 3 | |
| Goblin Zeppelin | 1 | |
37 total
» upgrades
| Masonry | 2 | |
| Swords | 2 | |
| Armor | 1 | |
| Sorceress Training | 1 | |
| Magic Sentry | 1 | |
| Lumber Harvesting | 2 | |
9 total
» buildings
| Altar of Kings | 1 | |
| Barracks | 1 | |
| Farm | 9 | |
| Town Hall | 5 | |
| Arcane Vault | 1 | |
| Scout Tower | 29 | |
| Lumber Mill | 1 | |
| Arcane Tower | 2 | |
| Guard Tower | 41 | |
| Keep | 2 | |
| Blacksmith | 1 | |
| Castle | 2 | |
| Arcane Sanctum | 1 | |
| Gryphon Aviary | 2 | |
98 total
» build order
00:03 Altar of Kings
00:09 Barracks
00:14 Farm
01:22 Farm
02:24 Farm
03:27 Town Hall
03:51 Farm
04:45 Arcane Vault
04:58 Scout Tower
05:01 Scout Tower
05:05 Lumber Mill
05:08 Scout Tower
06:11 Arcane Tower
06:30 Arcane Tower
06:31 Guard Tower
06:33 Scout Tower
06:36 Scout Tower
06:54 Keep
06:54 Keep
06:59 Scout Tower
07:00 Scout Tower
07:04 Scout Tower
07:30 Guard Tower
07:31 Guard Tower
07:36 Blacksmith
07:38 Guard Tower
07:38 Guard Tower
07:39 Guard Tower
07:56 Scout Tower
07:57 Scout Tower
07:58 Scout Tower
08:25 Guard Tower
08:25 Guard Tower
08:26 Guard Tower
08:26 Guard Tower
08:31 Scout Tower
08:34 Scout Tower
09:04 Guard Tower
10:13 Castle
10:56 Arcane Sanctum
11:02 Scout Tower
11:02 Scout Tower
11:30 Guard Tower
11:30 Guard Tower
11:30 Guard Tower
11:38 Town Hall
13:08 Scout Tower
13:09 Scout Tower
13:10 Scout Tower
13:11 Scout Tower
13:12 Scout Tower
13:17 Scout Tower
13:27 Scout Tower
13:28 Scout Tower
13:29 Scout Tower
13:31 Scout Tower
13:32 Scout Tower
14:10 Guard Tower
14:10 Guard Tower
14:10 Guard Tower
14:20 Guard Tower
14:20 Guard Tower
14:34 Guard Tower
14:36 Guard Tower
14:36 Guard Tower
15:01 Guard Tower
15:02 Guard Tower
15:12 Guard Tower
15:12 Guard Tower
15:12 Guard Tower
15:32 Guard Tower
15:32 Guard Tower
16:09 Guard Tower
16:22 Guard Tower
16:22 Guard Tower
16:56 Gryphon Aviary
17:22 Gryphon Aviary
20:36 Farm
20:51 Farm
22:28 Farm
22:32 Farm
23:07 Farm
23:37 Town Hall
23:49 Scout Tower
24:55 Scout Tower
25:16 Scout Tower
27:01 Town Hall
27:08 Town Hall
» items
| Staff of Teleportation | 1 | |
| Boots of Speed | 1 | |
| Scroll of Regeneration | 5 | |
| Potion of Invisibility | 4 | |
| Scroll of Town Portal | 3 | |
| Potion of Healing | 3 | |
| Lesser Clarity Potion | 3 | |
| Orb of Fire | 1 | |
21 total
PeTe-GriFFin (
red | 12 APM | 197 actions | 16:26)
1 Blademaster
1 Mirror Image
» actions
| Build / train | 9 | |
| Enter build submenu | 20 | |
| Enter hero's abilities submenu | 1 | |
| Right click | 81 | |
| Select / deselect | 64 | |
| Use ability | 22 | |
197 total
» units
» buildings
| Altar of Storms | 1 | |
| War Mill | 3 | |
| Orc Burrow | 5 | |
| Barracks | 1 | |
| Watch Tower | 3 | |
| Great Hall | 3 | |
16 total
» build order
00:58 Altar of Storms
01:07 War Mill
01:36 Orc Burrow
02:06 Orc Burrow
02:56 Orc Burrow
03:07 Orc Burrow
03:18 Orc Burrow
04:05 Barracks
04:32 Watch Tower
04:39 Watch Tower
09:48 War Mill
11:26 Great Hall
12:28 Great Hall
12:39 Great Hall
12:58 War Mill
15:04 Watch Tower
Chat log
(00:19 / All) EtTuBrute: cool name yellow
(00:32 / 8) EtTuBrute: left side
(00:34 / All) MarcusBrutus: Yeah weird how ours are related
(00:43 / 5) MarcusBrutus: top right inside
(00:54 / 8) EtTuBrute: any bms on left?
(00:57 / 5) MarcusBrutus: my team is orc ud orc
(01:03 / 5) MarcusBrutus: the UD is left inside
(04:06 / 5) MarcusBrutus: teal just getting his BM out left side
(05:23 / 8) EtTuBrute: bottom middle
(05:31 / Allies) KindOf.Amazing: broow
(05:34 / Allies) KindOf.Amazing: burrow
(06:32 / 8) EtTuBrute: undead expoed bottom middle
(06:39 / 5) MarcusBrutus: k sec
(06:49 / 5) MarcusBrutus: pink expo tp left, UD
(06:52 / 5) MarcusBrutus: got a pendant
(07:00 / Allies) KindOf.Amazing: yellow you are a tool
(07:04 / 8) EtTuBrute: I'll harass him soon
(07:32 / All) Desoangel: easy creeps :D
(07:46 / All) PeTe-GriFFin: im really bad
(07:51 / All) MarcusBrutus: yes you are
(08:00 / All) KindOf.Amazing: fucking yellow was creeping while yall did that and didnt help
(08:01 / All) Desoangel: practice on computer first
(08:34 / All) Desoangel: and read builds online
(08:58 / All) PeTe-GriFFin: how u guys level so fast
(09:23 / 8) EtTuBrute: your team won't help?
(09:24 / Allies) Frozenskeleton: kill creaps and build fast
(09:37 / 5) MarcusBrutus: tp
(09:39 / Allies) MarcusBrutus: tp
(09:40 / 5) MarcusBrutus: nope
(09:45 / 8) EtTuBrute: what's reds problem
(09:50 / Allies) MarcusBrutus: tp
(09:54 / Allies) KindOf.Amazing: lol why help you you didnt help
(09:59 / 8) EtTuBrute: undead is on left side
(10:05 / Allies) MarcusBrutus: because if you don't we lose
(10:44 / 8) EtTuBrute: your team is gay
(10:45 / All) ThugMaSteR: GG?
(10:58 / 8) EtTuBrute: I'm not gonna harass
(11:24 / All) MarcusBrutus: Not over yet.
(11:29 / All) Desoangel: yellow, you know an easy way how to beat towers?
(11:41 / All) Desoangel: not attack the towers...
(11:49 / All) MarcusBrutus: When did I attack towers? lol
(11:53 / All) MarcusBrutus: if you mean my base
(11:58 / All) MarcusBrutus: the easiest way is defend at t1
(11:59 / All) Desoangel: you have too much towers
(12:15 / All) MarcusBrutus: They stopped you from killing me so I guess not.
(12:19 / All) Desoangel: you can repel units, by having units.
(12:36 / All) Desoangel: your towers dont protect your teammates base
(12:42 / All) KindOf.Amazing: listen to tzsn zoo over here
(12:47 / 8) EtTuBrute: why I can't get a team this good when I want to win
(12:50 / All) MarcusBrutus: Don't really care about them. They're faggots.
(13:10 / All) Desoangel: SAYING that so if you become my teammate, you won't suck
(13:20 / All) Desoangel: that's why i say these
(13:24 / All) MarcusBrutus: Oh really?
(13:39 / Allies) MarcusBrutus: wood
(13:41 / All) PeTe-GriFFin: tbh ths game is really gay
(14:17 / Allies) MarcusBrutus: wood
(14:41 / All) Desoangel: pete, practice with comp first lol
(14:45 / 8) EtTuBrute: lawl did dumbass pink even creep
(14:52 / 5) MarcusBrutus: probably not lol
(15:28 / All) PeTe-GriFFin: im still aalive u guys hahaha
(15:43 / All) ThugMaSteR: gtfo
(15:44 / All) KindOf.Amazing: damn yellow you really suck at this game uninstall plz
(15:45 / All) ThugMaSteR: nub
(15:52 / All) PeTe-GriFFin: lol
(15:53 / All) MarcusBrutus: Did you even creep pink?
(16:00 / All) PeTe-GriFFin: building stilll
(16:06 / All) MarcusBrutus: I did more than you all game with 1 hero.
(16:12 / All) KindOf.Amazing: lol creep are you serious
(16:25 / All) MarcusBrutus: I hear creeping is good.
(16:29 / Allies) MarcusBrutus: wood
(16:41 / All) KindOf.Amazing: wow lets see if you want to play solo then go play solo
(16:49 / All) MarcusBrutus: Maybe I will later.
(17:12 / 5) MarcusBrutus: Red never even did his green camp.
(17:21 / All) KindOf.Amazing: this is a team game not lets creep while the enmey destroys my allies gaem
(17:30 / All) MarcusBrutus: Is it?
(17:34 / All) KindOf.Amazing: fucking idiot
(17:42 / All) KindOf.Amazing: you are why we lost
(17:50 / Allies) KindOf.Amazing: Just YOU
(17:54 / All) MarcusBrutus: I was sure that my entire team of lvl 1 heroes and people who can't creep was it.
(18:03 / All) Desoangel: not really... we attacked red we're just 2 people
(18:07 / 5) MarcusBrutus: Gonna need help here
(18:12 / All) Desoangel: 3 of you defended without much units.
(18:23 / All) ThugMaSteR: u both suck
(18:24 / All) KindOf.Amazing: creeping dose nothing if your team is being hit you fucking retard
(18:36 / All) ThugMaSteR: pink left items at expo
(18:38 / All) MarcusBrutus: Blue, you haven't even learned how to move acolytes from flame strike. You are nobody to judge.
(18:38 / All) ThugMaSteR: so nub
(18:51 / All) KindOf.Amazing: lol
(18:52 / All) ThugMaSteR: and yellow ur heroo harass is a joke
(18:55 / All) ThugMaSteR: so nub
(19:06 / All) KindOf.Amazing: blue stfu you suck worse than yellow
(19:11 / All) ThugMaSteR: 1v1
(19:12 / All) ThugMaSteR: pussy
(19:16 / All) ThugMaSteR: i beat both of u
(19:19 / All) ThugMaSteR: fact
(19:20 / All) Desoangel: quit blaming, just play better :))
(19:36 / 8) EtTuBrute: omw
(19:39 / 8) EtTuBrute: hide a base if yo ucan
(19:40 / All) KindOf.Amazing: ok but i ll warn you i was ranked 130 berfore reset in solo
(19:46 / All) ThugMaSteR: rofl
(19:57 / All) Desoangel: lol pink, rank doesn't mean shit in this time
(19:59 / All) KindOf.Amazing: fucking nigger
(20:01 / All) ThugMaSteR: i was lvl 20 nub
(20:06 / All) ThugMaSteR: barely played
(20:09 / All) KindOf.Amazing: lol
(20:12 / All) Desoangel: we're less than 200 players
(20:16 / All) ThugMaSteR: and was at least 20 games ocer 50%
(20:37 / Allies) KindOf.Amazing: wow that awsome dude can i have your autograph
(20:47 / 5) MarcusBrutus: that is my last shit
(20:56 / All) KindOf.Amazing: fucking nigger
(21:00 / All) EtTuBrute: I failed hard lawl
(21:07 / 5) MarcusBrutus: Do you have this?
(21:14 / All) KindOf.Amazing: thug master lmao what a tool
(22:03 / 5) MarcusBrutus: Do you have this?
(22:15 / 8) EtTuBrute: prob not
(22:21 / 5) MarcusBrutus: I got farms hidden
(22:22 / All) KindOf.Amazing: haha waste thier time
(22:30 / 8) EtTuBrute: haraass with bm
(23:06 / Allies) KindOf.Amazing: blue
(23:10 / All) KindOf.Amazing: blue you suck
(24:09 / 8) EtTuBrute: bot mid
(24:53 / 8) EtTuBrute: get zep and make farm in dragon spot
(25:08 / 5) MarcusBrutus: only 300 wood, can't afford to. 7k gold though
(25:16 / 8) EtTuBrute: that will do it
(25:42 / 5) MarcusBrutus: 6 buildings left
(26:43 / 8) EtTuBrute: it's over I fail lalw
(26:50 / 5) MarcusBrutus: should I just leave?
(26:51 / 8) EtTuBrute: if you cant hid in dargon
(27:25 / 5) MarcusBrutus: rebuilding top left inside base
(27:37 / All) EtTuBrute: I failed this so hard lawl
(27:48 / All) MarcusBrutus: You let your allies mass gyros
(28:05 / All) Psycho[AD]: i see he is your friend
(28:06 / All) Psycho[AD]: Oj
(28:37 / All) EtTuBrute: I didn't pay attention to what was going on till tehy were asssault your base
(28:42 / All) EtTuBrute: it's over
(28:52 / All) Psycho[AD]: lol your so nooby yellow
(28:58 / All) Psycho[AD]: you need a tker on the other team to win
(29:01 / All) Psycho[AD]: and you still lost
(29:01 / All) MarcusBrutus: Check my games at highper.ch probably 4x your APM